 Dungeon Crawl Stone Soup version 0.21.1-1-g345015fe64 (webtiles) character file.

35 Ivernyr the Charmwright (level 3, -4/27 HPs)
             Began as a Human Skald on June 9, 2018.
             Slain by an ice beast (5 damage)
             ... on level 2 of the Dungeon.
             The game lasted 00:02:23 (1680 turns).

Ivernyr the Charmwright (Human Skald)               Turns: 1680, Time: 00:02:24

Health: -4/27      AC:  3    Str: 11    XL:     3   Next: 52%
Magic:  3/6        EV: 12    Int: 13    God:
Gold:   74         SH:  0    Dex: 13    Spells: 1/6 levels left

rFire    . . .     SeeInvis .   a - +0 falchion
rCold    . . .     Gourm    .   (no shield)
rNeg     . . .     Faith    .   b - +0 leather armour
rPois    .         Spirit   .   (no helmet)
rElec    .         Reflect  .   (no cloak)
rCorr    .         Harm     .   (no gloves)
MR       +....                  (no boots)
Stlth    +.........             (no amulet)
HPRegen  0.09/turn              g - ring of protection from magic
MPRegen  0.10/turn              (no ring)

@: lethally poisoned (-4 -> -7), very slightly contaminated
A: no striking features
a: no special abilities


You were on level 2 of the Dungeon.
You were near starving.

You visited 1 branch of the dungeon, and saw 2 of its levels.

You collected 74 gold pieces.

Inventory:

Hand Weapons
 a - a +0 falchion (weapon)
Missiles
 h - 5 javelins (quivered)
Armour
 b - a +0 leather armour (worn)
Jewellery
 g - a ring of protection from magic (left hand)
 i - a +3 ring of dexterity {unknown}
Scrolls
 f - a scroll of remove curse {unknown}
 j - 2 scrolls of magic mapping {unknown}
 o - a scroll of teleportation {unknown}
Potions
 e - 2 potions of heal wounds {unknown}
 k - a potion of mutation {unknown}
 l - a potion of agility {unknown}
 m - a potion of degeneration {unknown}
 n - a potion of flight {unknown}
Books
 c - a book of Battle

   Spells                             Type                      Level
   a - Infusion                       Charms                       1
   b - Shroud of Golubria             Charms/Translocation         2
   c - Song of Slaying                Charms                       2
   d - Spectral Weapon                Hexes/Charms                 3
   e - Regeneration                   Charms/Necromancy            3
Comestibles
 d - 4 rations


   Skills:
 - Level 2.0 Fighting
 - Level 2.0 Long Blades
 * Level 1.6 Throwing
 + Level 1.6 Armour
 - Level 2.0 Dodging
 - Level 2.0 Spellcasting
 * Level 3.5 Charms


You had one spell level left.
You knew the following spells:

 Your Spells              Type           Power        Failure   Level  Hunger
a - Shroud of Golubria    Chrm/Tloc      #.........   24%         2    ###....
b - Song of Slaying       Chrm           ##......     12%         2    ###....
c - Infusion              Chrm           ##..         8%          1    ##.....


Dungeon Overview and Level Annotations

Branches:
Dungeon (2/15)

Altars:


Message History

The adder is almost dead.
The adder bites you but does no damage.
You miss the adder.
The adder is almost dead.
You feel sick. The adder misses you.
You riposte.
You barely miss the adder.
The adder is almost dead.
The adder bites you.
* * * LOW HITPOINT WARNING * * *
Your shroud falls apart!
You closely miss the adder.
The adder is almost dead.
The adder barely misses you.
You riposte.
You closely miss the adder.
The adder is almost dead.
You hit the adder.
You kill the adder!
* * * LOW HITPOINT WARNING * * *
You feel sick. The ice beast hits you.
* * * LOW HITPOINT WARNING * * *
The ice beast freezes you.
You die...

#### #... ####...##
#........ #.......#
##### Y.......# #...
#.# ........###.#####
#.# #(#.......# #.#
#.#@#.###.#.#.#
#.Y.#.# #.#.#.#
#####.# #.#.#.# ..#
#.#.#.#
######.#.#.###
#......#.#...#
#.######.###.#
#.####.######...#.##
.........>.....#....#


You could see an ice beast.

Vanquished Creatures
  2 adders (D:2)
  An ooze (D:1)
  3 hobgoblins (D:1)
  2 jackals (D:1)
  A bat (D:1)
  A frilled lizard (D:1)
  5 rats (D:1)
15 creatures vanquished.

Notes
Turn   | Place    | Note
-------+----------+-------------------------------------------
     0 | D:1      | Ivernyr the Human Skald began the quest for the Orb.
     0 | D:1      | Reached XP level 1. HP: 16/16 MP: 3/3
   170 | D:1      | Reached XP level 2. HP: 14/22 MP: 5/5
   296 | D:1      | Learned a level 2 spell: Song of Slaying
   299 | D:1      | Learned a level 2 spell: Shroud of Golubria
   772 | D:1      | Reached skill level 1 in Throwing
  1418 | D:2      | Reached XP level 3. HP: 15/27 MP: 1/6
  1651 | D:2      | Noticed an ice beast
  1680 | D:2      | HP: 1/27 [ice beast (3)]
  1680 | D:2      | Slain by an ice beast

Skill      XL: |  1  2 |
---------------+-------+-----
Throwing       | 1 |  1.6
Fighting       | |  2.0
Long Blades    | |  2.0
Armour         | |  1.6
Dodging        | |  2.0
Spellcasting   | |  2.0
Charms         | |  3.5

Action                   || total
-------------------------++-------
Melee: Falchion          ||    68
 Cast: Shroud of Golubri ||     4
  Eat: Chunk             ||     1
Armor: Leather armour    ||    20
Dodge: Dodged            ||    51
       Rpst.: Falchion   ||    19
